 Dungeon Crawl Stone Soup version 0.23-a0-629-gae4348f (webtiles) character file.

18 polve the Skirmisher (level 2, -1/24 HPs)
             Began as a Demonspawn Abyssal Knight on Dec 25, 2018.
             Was a Follower of Lugonu.
             Slain by a frilled lizard (2 damage)
             ... on level 1 of the Dungeon.
             The game lasted 00:02:49 (1280 turns).

polve the Skirmisher (Demonspawn Abyssal Knight)    Turns: 1280, Time: 00:02:50

Health: -1/24      AC:  3    Str: 12    XL:     2   Next: 48%
Magic:  3/3        EV: 11    Int: 13    God:    Lugonu [*.....]
Gold:   87         SH:  0    Dex: 12    Spells: 1/1 levels left

rFire    . . .     SeeInvis .   (no weapon)
rCold    . . .     Gourm    .   (no shield)
rNeg     . . .     Faith    .   b - +0 leather armour
rPois    .         Spirit   .   (no helmet)
rElec    .         Reflect  .   (no cloak)
rCorr    .         Harm     .   (no gloves)
MR       .....                  (no boots)
Stlth    +.........             (no amulet)
HPRegen  0.08/turn              (no ring)
MPRegen  0.08/turn              (no ring)

@: no status effects
A: hooves 1
a: Depart the Abyss, Renounce Religion


You were on level 1 of the Dungeon.
You worshipped Lugonu.
Lugonu was aware of your devotion.
You were not hungry.

You visited 1 branch of the dungeon, and saw 1 of its levels.
You visited the Abyss 1 time.

You collected 87 gold pieces.

Inventory:

Armour
 b - a +0 leather armour (worn)
Jewellery
 j - an uncursed ring of protection from fire {unknown}
Scrolls
 d - a scroll of fog {unknown}
 e - a scroll of teleportation {unknown}
 g - 2 scrolls of identify {unknown}
 k - a scroll of magic mapping {unknown}
 m - a scroll of blinking {unknown}
Potions
 f - a potion of magic {unknown}
 h - 2 potions of brilliance {unknown}
 i - 2 potions of haste {unknown}
 n - a potion of curing {unknown}
Comestibles
 c - 4 rations


   Skills:
 + Level 3.0 Fighting
   Level 2.9 Long Blades
 - Level 1.7 Armour
 - Level 0.8 Dodging
 - Level 2.4 Invocations


You had one spell level left.
You didn't know any spells.
Your spell library was empty.

Dungeon Overview and Level Annotations

Branches:
Dungeon (1/15)

Altars:


Innate Abilities, Weirdness & Mutations

You have large cloven feet.


Message History

* * * LOW HITPOINT WARNING * * *
The frilled lizard closely misses you. The frilled lizard barely misses you.
The frilled lizard bites you but does no damage.
The frilled lizard misses you. The frilled lizard bites you.
* * * LOW HITPOINT WARNING * * *
The frilled lizard bites you but does no damage.
The frilled lizard closely misses you.
The frilled lizard bites you but does no damage.
The frilled lizard bites you.
* * * LOW HITPOINT WARNING * * *
The frilled lizard bites you but does no damage.
The frilled lizard closely misses you.
The frilled lizard bites you but does no damage.
The frilled lizard bites you.
* * * LOW HITPOINT WARNING * * *
The frilled lizard closely misses you. The frilled lizard bites you.
You die...

........## #.####.#.......##
............####+####.#.......###
............#.......#............
............#....................
.....#..#####.......)...#+###....
.....#..#####.........#.#.# #....
.....#..[........)....#...# #....
.....#.......###......#...###....
.....#.......###@######..........
.....#..........l## #.#.......#
###..#............# #..>......#
+.#..#..(###......# ###########
#.#..#.(.# #......#### #........#
#.........# .......#รท#
#.........# ##.....#.#
#.........#
.'.....#.########....#


You could see a frilled lizard.

Vanquished Creatures
  A dart slug (D:1)
  3 goblins (D:1)
  4 jackals (D:1)
  2 kobolds (D:1)
  2 bats (D:1)
  2 frilled lizards (D:1)
  2 rats (D:1)
16 creatures vanquished.

Notes
Turn   | Place    | Note
-------+----------+-------------------------------------------
     0 | Abyss:1  | polve the Demonspawn Abyssal Knight began the quest for the
                  | Orb.
     0 | Abyss:1  | Reached XP level 1. HP: 18/18 MP: 2/2
    60 | Abyss:1  | Noticed an ancient zyme
   116 | Abyss:2  | Noticed an efreet
   119 | D:1      | Escaped the Abyss
   717 | D:1      | Gained mutation: You have large cloven feet. [demonic
                  | ancestry]
   717 | D:1      | Reached XP level 2. HP: 19/24 MP: 3/3
   837 | D:1      | Reached * piety under Lugonu
  1278 | D:1      | HP: 1/24 [frilled lizard (2)]
  1280 | D:1      | Slain by a frilled lizard

Vault maps used:
D:1:      lemuel_arrival_funnel
Abyss:1:  hangedman_abyss_or_decor_slice
Abyss:2:  hangedman_abyss_shoalhut

Skill      XL: |  1 |
---------------+----+-----
Long Blades    | 2 |  2.9
Fighting       | |  3.0
Armour         | |  1.7
Dodging        | |  0.8
Invocations    | |  2.4

Action                   || total
-------------------------++-------
Melee: Falchion          ||    30
       Kick              ||     3
Invok: Depart the Abyss  ||     1
  Eat: Chunk             ||     1
Armor: Leather armour    ||    26
Dodge: Dodged            ||    43
       Rpst.: Falchion   ||     9

Table legend:
 A = Non-vault XP
 B = Vault XP
 C = Vault XP percentage of total XP
 D = Non-vault monster count
 E = Vault monster count
 F = Vault count percentage of total count
                 A         B        C        D         E       F
            +---------+---------+-------+---------+---------+-------
      Total |      26 |       0 |   0.0 |      16 |       0 |   0.0
            +---------+---------+-------+---------+---------+-------
        D:1 |      26 |       0 |   0.0 |      16 |       0 |   0.0
            +---------+---------+-------+---------+---------+-------
